 Dungeon Crawl Stone Soup version 0.30-a0-219-gf2db51d15e (webtiles) character file.

Game seed: 7641697802990059843

931 Flugkiller the Vexing (level 7, -2/54 HPs)
             Began as a Mummy Hexslinger on Oct 7, 2022.
             Was a Priest of Ru.
             Slain by a troll (11 damage)
             ... on level 5 of the Dungeon.
             The game lasted 00:06:35 (4191 turns).

Flugkiller the Vexing (Mummy Hexslinger)            Turns: 4191, Time: 00:06:36

Health: -2/54      AC:  5    Str: 13    XL:     7   Next: 86%
Magic:  4/4        EV: 12    Int: 13    God:    Ru [***...]
Gold:   251        SH:  0    Dex: 14    Spells: 10/14 levels left

rFire   x . .      SeeInvis .    a - +1 sling
rCold   + + +      Faith    +    (no shield)
rNeg    + + +      Spirit   .    l - +1 leather armour of Eczesian {rC++ MP-9 Slay+5}
rPois   ∞          Reflect  .    k - +0 helmet
rElec   .          Harm     .    (no cloak)
rCorr   .          Rampage  .    (no gloves)
Will    .....                    (no boots)
Stlth   +.........               b - amulet of the acrobat
HPRegen 0.29/turn                (no ring)
MPRegen 0.09/turn                (no ring)

@: no status effects
A: cold resistance 1, negative energy resistance 3, torment resistance 2, heat
vulnerability 1, hated by all, inability to train armour, in touch with death 1,
no potions, faith
a: Renounce Religion, Draw Out Power


You were on level 5 of the Dungeon.
You worshipped Ru.
Ru was most pleased with you.
You visited 1 branch of the dungeon, and saw 5 of its levels.

You collected 251 gold pieces.

Inventory:

Hand Weapons
 a - a +1 sling (weapon)
 j - a +0 dagger of venom
   (You took it off a kobold on level 2 of the Dungeon)
Missiles
 e - 6 poisoned darts
Armour
 c - a +0 robe
 h - a +0 kite shield
   (You found it on level 1 of the Dungeon)
 k - a +0 helmet (worn)
   (You found it on level 3 of the Dungeon)
 l - the +1 leather armour of Eczesian (worn) {rC++ MP-9 Slay+5}
   (You found it on level 3 of the Dungeon)

   Slay:      It affects your accuracy & damage with ranged weapons and melee
   (+5).
   rC:        It greatly protects you from cold.
   MP:        It affects your magic capacity (-9).
Jewellery
 b - an amulet of the acrobat (around neck)
   (You found it on level 4 of the Dungeon)
Scrolls
 d - a scroll of vulnerability
 f - 2 scrolls of immolation
 g - a scroll of enchant armour
 i - 2 scrolls of magic mapping
 m - a scroll of amnesia
 n - a scroll of brand weapon
 o - a scroll of teleportation {unknown}
 p - a scroll of enchant weapon {unknown}


   Skills:
 + Level 4.1 Fighting
 + Level 4.4 Ranged Weapons
 + Level 2.5 Dodging
 - Level 4.0 Spellcasting
 - Level 5.0 Hexes


You had 10 spell levels left.
You knew the following spells:

 Your Spells              Type           Power      Damage    Failure   Level
a - Slow                  Hex            60%        N/A       3%          1
b - Inner Flame           Hex/Fire       9%         N/A       28%         3

Your spell library contained the following spells:

 Spells                   Type           Power      Damage    Failure   Level
 Magic Dart               Conj           8%         1d3       26%         1
 Portal Projectile        Hex/Tloc       18%        N/A       28%         3
 Cause Fear               Hex            7%         N/A       32%         4
 Cigotuvi's Dreadful Rot  Necr/Pois/Air  6%         N/A       36%         2
 Poisonous Vapours        Pois/Air       4%         N/A       36%         2
 Mephitic Cloud           Conj/Pois/Air  2%         N/A       61%         3
 Call Imp                 Summ           Unusable   N/A       N/A         2

Dungeon Overview and Level Annotations

Branches:
Dungeon (5/15) Zot: 25707
 Temple: D:4-7

Altars:
Dithmenos
Ru
Uskayaw


Innate Abilities, Weirdness & Mutations

You are immune to poison.
Your flesh is cold resistant. (rC+)
You are immune to negative energy. (rN+++)
You are immune to unholy pain and torment.
You are vulnerable to heat. (rF-)
You are hated by all.
You cannot train Armour skill.
You are in touch with the powers of death.
You do not drink.
You have a special connection with the divine. (Faith)


Message History

Items here: )))))) ? [[[ ÷÷ †.
There is a stone staircase leading up here.
You climb upwards.
There is a stone staircase leading down here.
There is a stone staircase leading down here.
You start resting.
Magic restored.
You start resting.
HP restored.
You climb downwards.
There is a stone staircase leading up here.
Unknown command.
Found a robe.
An adder and a white imp come into view.
The adder hisses angrily.
The white imp shouts, "Remove thy stench, thou tottering unchin-snouted linensack!"
You shoot a sling bullet. The sling bullet hits the adder.
The adder is moderately wounded.
You shoot a sling bullet.
The sling bullet closely misses the adder.
You shoot a sling bullet. The sling bullet hits the adder!
You kill the adder!
You redirect the white imp's attack!
You shoot a sling bullet. The sling bullet hits the white imp.
The white imp is heavily wounded.
The white imp gestures at you. The puff of frost hits you. You resist.
You shoot a sling bullet. The sling bullet hits the white imp.
The white imp is almost dead.
The white imp begins to attack, but is stunned by your conviction!
You shoot a sling bullet.
The sling bullet hits the white imp but does no damage.
The white imp is almost dead.
The white imp gestures at you. The puff of frost hits you. You resist.
You shoot a sling bullet. The sling bullet hits the white imp.
You kill the white imp!
Okay, then.
HP restored.
Found an escape hatch in the ceiling.
Found a stone staircase leading down.
Found a stone staircase leading up.
Found a viscous cyan potion.
You see here a viscous cyan potion.
The ogre shouts!
You shoot a sling bullet. The sling bullet hits the ogre!
The ogre is moderately wounded.
You shoot a sling bullet. The sling bullet hits the ogre!
The ogre is severely wounded.
You shoot a sling bullet. The sling bullet hits the ogre!
You kill the ogre!
Your life force feels restored.
Your Fighting skill increases to level 4!
No target in view!
Things that are here:
a +0 giant club; an ogre corpse A troll is nearby!
The troll shouts!
You aren't carrying any items that you can evoke.
Unknown command.
Casting: Slow (safe; 3% risk of failure)
Confirm with . or Enter, or press ? or * to list all spells.
Aiming: Slow (safe; 3% risk of failure)
Press: ? - help, Shift-Dir - straight line, f - troll
Aim: a troll (chance to affect: 54%)
The troll seems to slow down.
Things that are here:
a +0 giant club; an ogre corpse You shoot a sling bullet.
The sling bullet hits the troll.
The troll is lightly wounded.
You shoot a sling bullet. The sling bullet hits the troll.
The troll is lightly wounded.
You shoot a sling bullet. The sling bullet hits the troll.
The troll is moderately wounded.
You shoot a sling bullet. The sling bullet hits the troll.
The troll is heavily wounded.
You shoot a sling bullet. The sling bullet hits the troll!
The troll is severely wounded.
You shoot a sling bullet. The sling bullet hits the troll!
The troll is almost dead.
You shoot a sling bullet. The sling bullet hits the troll.
The troll is almost dead.
The troll is no longer moving slowly.
You shoot a sling bullet.
The sling bullet closely misses the troll.
The troll bites you! The troll barely misses you. The troll misses you.
You shoot a sling bullet. The sling bullet hits the troll.
The troll is almost dead.
The troll bites you! The troll closely misses you. The troll claws you!
You are too injured to fight recklessly!
Fire: a) +1 sling
Press: ? - help, Q - select action, (/) - cycle Shift-Dir - straight line, f/p - troll
Aim: a troll (almost dead, 67% to hit)
You shoot a sling bullet.
The sling bullet hits the troll but does no damage.
The troll is almost dead.
The troll bites you!
* * * LOW HITPOINT WARNING * * *
The troll claws you!
You die...

##############################
#....)......T@...........!....
#.############################
#.# #...... #.# #.##### ## #T#
#######.# .# #.# #.......# .#
#.################.......#####
.#
#.#.)............!............
.#
#...##############.......#####


You could see a troll.

Vanquished Creatures
  Grinder (D:4)
  An ice beast (D:5)
  2 ogres
  3 scorpions
  A howler monkey (D:4)
  A hound (D:3)
  Jessica (D:3)
  An iguana (D:5)
  2 orc wizards (D:5)
  A gnoll (D:1)
  3 adders
  A white imp (D:5)
  A worm (D:2)
  12 orcs
  7 bats
  8 endoplasms
  6 giant cockroaches
  5 goblins
  9 hobgoblins
  2 jackals (D:3)
  10 kobolds
  6 quokkas
  4 ball pythons
  2 frilled lizards (D:1)
  A rat (D:2)
91 creatures vanquished.

Vanquished Creatures (others)
  19 fungi (D:3)
  5 plants (D:1)
24 creatures vanquished.

Grand Total: 115 creatures vanquished

Notes
Turn   | Place    | Note
-------+----------+-------------------------------------------
     0 | D:1      | Flugkiller the Mummy Hexslinger began the quest for the
                  | Orb.
     0 | D:1      | Reached XP level 1. HP: 15/15 MP: 2/2
   222 | D:1      | Reached XP level 2. HP: 21/21 MP: 2/4
   575 | D:2      | Reached skill level 3 in Hexes
   662 | D:2      | Found a faded altar of an unknown god.
   712 | D:2      | Prayed at the altar of an unknown god.
   712 | D:2      | Became a worshipper of Ru the Awakened
   729 | D:2      | Gained mutation: You are hated by all. [Ru sacrifice]
   729 | D:2      | Reached * piety under Ru
   729 | D:2      | Reached ** piety under Ru
  1040 | D:1      | Gained mutation: You are in touch with the powers of death.
                  | [Mummy growth]
  1040 | D:1      | Reached XP level 3. HP: 22/27 MP: 3/6
  1672 | D:3      | Noticed a scorpion
  1736 | D:3      | Killed a scorpion
  1737 | D:3      | Reached XP level 4. HP: 17/34 MP: 6/8
  1930 | D:3      | Reached XP level 5. HP: 34/39 MP: 6/9
  1957 | D:3      | Learned a level 3 spell: Inner Flame
  2140 | D:3      | Identified the +1 leather armour of Eczesian {rC++ MP-9
                  | Slay+5}
  2325 | D:3      | Noticed Jessica
  2340 | D:3      | Killed Jessica
  2509 | D:3      | Gained mutation: You cannot train Armour skill. [Ru
                  | sacrifice]
  2509 | D:3      | Reached *** piety under Ru
  2810 | D:4      | Noticed an ogre
  2823 | D:4      | Killed an ogre
  2824 | D:4      | Reached XP level 6. HP: 34/47 MP: 0/11
  2960 | D:4      | Reached skill level 4 in Hexes
  3091 | D:4      | Found a sacrificial altar of Ru.
  3138 | D:4      | Found a shadowy altar of Dithmenos.
  3324 | D:4      | Noticed Grinder
  3340 | D:4      | Paralysed by Grinder for 5 turns
  3345 | D:4      | Killed Grinder
  3346 | D:4      | Reached XP level 7. HP: 48/52 MP: 4/13
  3379 | D:5      | Entered Level 5 of the Dungeon
  3401 | D:5      | Reached skill level 5 in Hexes
  3435 | D:5      | Found a hide-covered altar of Uskayaw.
  3701 | D:5      | Noticed a troll
  4191 | D:5      | Slain by a troll

Illustrated notes

Levels and vault maps discovered:
D:1:      lemuel_arrival_behind_the_door_small, layout_basic,
          nicolae_grassy_gnolls
D:2:      layout_loops_ring, shapermc_ecumenical_altar_acropolis
D:3:      layout_basic, mainiacjoe_overflow_cross_hatched, grunt_decor_cap,
          kennysheep_jessica_study
D:4:      layout_rooms, nicolae_ru_sacrificial_ziggurat,
          nicolae_dithmenos_the_darkroom, uniq_grinder
D:5:      layout_basic, minmay_ruined_shrine

Skill      XL: |  1  2  3  4  5  6  7 |
---------------+----------------------+-----
Spellcasting   | 2 3 4 |  4.0
Hexes          | 3 4 5 |  5.0
Ranged Weapons | 2 3 4 |  4.4
Fighting       | 2 3 4 |  4.1
Dodging        | 2 |  2.5

Action                   |  1- 3 |  4- 6 |  7- 9 || total
-------------------------+-------+-------+-------++-------
 Fire: Sling             |   139 |   138 |    77 ||   354
 Cast: Slow              |    46 |    11 |     6 ||    63
Invok: Sacrifice Love    |     1 |       |       ||     1
       Sacrifice Durabil |       |     1 |       ||     1
       Draw Out Power    |       |     1 |     1 ||     2
  Use: Scroll            |     3 |     5 |     2 ||    10
Armor: Robe              |    13 |     6 |       ||    19
       Leather armour    |       |     2 |    14 ||    16
Dodge: Dodged            |    30 |    32 |    45 ||   107

Table legend: (Time is in decaauts)
 A = Elapsed time spent in this place.
 B = Non-inter-level travel time spent in this place.
 C = Inter-level travel time spent in this place.
 D = Time resting spent in this place.
 E = Time spent auto-exploring this place.
 F = Levels seen in this place.
 G = Mean time per level.
                   A        B        C        D        E       F      G
               +--------+--------+--------+--------+--------+-----+--------+
         Total |   4291 |   4184 |    107 |    484 |   2495 |   5 |  858.2 |
       Dungeon |   4291 |   4184 |    107 |    484 |   2495 |   5 |  858.2 |
               +--------+--------+--------+--------+--------+-----+--------+

Top non-repeatable levels by time:
     D:3: 1228 daAuts
     D:1: 833 daAuts
     D:2: 799 daAuts
     D:4: 757 daAuts
     D:5: 672 daAuts
